 Dungeon Crawl Stone Soup version 0.32-a0-705-g60f233581c (webtiles) character file.

Game seed: 15760417756058699071

365 ASSMAN the Trooper (level 6, 0/55 HPs)
             Began as a Draconian Cinder Acolyte on Mar 15, 2024.
             Was an Elder of Ignis.
             Slain by a gnoll bouda
             ... wielding a +0 club
              (2 damage)
             ... on level 5 of the Dungeon.
             The game lasted 00:07:24 (3725 turns).

ASSMAN the Trooper (Draconian Cinder Acolyte)       Turns: 3725, Time: 00:07:24

Health: 0/55       AC:  6    Str: 17    XL:     6   Next: 40%
Magic:  10/10      EV:  5    Int: 16    God:    Ignis [****..]
Gold:   164        SH:  0    Dex:  6    Spells: 9/11 levels left

rFire   + . .        i - +0 spear (venom)
rCold   . . .        (no shield)
rNeg    . . .        (body armour unavailable)
rPois   .            (helmet restricted)
rElec   .            (no cloak)
rCorr   .            (no gloves)
SInv    .            (no boots)
Will    +....        (no amulet)
Stlth   +            e - ring of willpower
HPRegen 0.29/turn    (no ring)
MPRegen 0.12/turn

%: no passive effects
@: marked, weakened, rising, flying, held
A: AC +6, unfitting armour, cold-blooded
a: Renounce Religion, Fiery Armour, Foxfire Swarm


You were on level 5 of the Dungeon.
You worshipped Ignis.
Ignis was greatly pleased with you.
You visited 1 branch of the dungeon, and saw 5 of its levels.

You collected 164 gold pieces.

Inventory:

Hand Weapons
 i - a +0 spear of venom (weapon)
 l - a +2 dagger of flaming
Jewellery
 e - a ring of willpower (left hand)
Wands
 k - a wand of polymorph (18)
Scrolls
 b - 2 scrolls of identify
 d - a scroll of amnesia
 h - a scroll of fog {unknown}
 j - a scroll of teleportation {unknown}
 n - a scroll of fear {unknown}
 q - a scroll of noise {unknown}
Potions
 c - 2 potions of ambrosia {unknown}
 f - 3 potions of invisibility {unknown}
 g - a potion of enlightenment {unknown}
 m - a potion of curing {unknown}
 o - a potion of brilliance {unknown}
 p - a potion of resistance {unknown}


   Skills:
 + Level 4.8 Fighting
 + Level 4.4 Unarmed Combat
 + Level 3.0 Spellcasting
 + Level 4.4 Fire Magic


You had 9 spell levels left.
You knew the following spells:

 Your Spells              Type           Power      Damage    Failure   Level
a - Scorch                Fire           32%        2d6       4%          2

Your spell library contained the following spells:

 Spells                   Type           Power      Damage    Failure   Level


Dungeon Overview and Level Annotations

Branches:
Dungeon (5/15)
 Temple: D:4-7

Altars:
Hepliaklqana


Innate Abilities, Weirdness & Mutations

Your plain brown scales are hard. (AC +6)
You cannot fit into any form of body armour.
You are cold-blooded and may be slowed by cold attacks.


Message History

A sentinel's mark forms upon you.
The gnoll throws a throwing net.
The throwing net hits you.
You become entangled in the net!
You hear an angry hiss.
You hear a shout!
You hear a bark!
You hear a shout! x4
There is a stone staircase leading up here.
You see here a throwing net.
Okay, then.
You struggle against the net.
You hear a shout!
You struggle against the net.
The gnoll hits you but does no damage. The gnoll hits you with a +0 flail!
You struggle against the net.
The gnoll hits you from afar with a +0 spear.
The gnoll hits you with a +0 flail.
As you read the scroll labelled ZIMEYN MEWYSS, it crumbles to dust.
It is a scroll of identify.
d - a scroll of amnesia The gnoll hits you but does no damage.
The gnoll hits you with a +0 flail.
The gnoll bouda barks out a call to the hunt!
The gnolls pick up the pace!
As you read the scroll labelled TOVVARCH BYXT, it crumbles to dust.
It is a scroll of enchant armour.
You aren't carrying any armour which can be enchanted further.
The gnoll hits you from afar with a +0 spear!
The gnoll hits you from afar with a +0 halberd!
The gnoll hits you but does no damage.
The gnoll bouda gazes fiercely through you!
You feel your attacks grow feeble.
The gnoll bouda hits you with a +0 club!
* * * LOW HITPOINT WARNING * * *
You begin to rise into the air.
The gnoll hits you from afar with a +0 spear.
* * * LOW HITPOINT WARNING * * *
The gnoll hits you from afar with a +0 halberd!
* * * LOW HITPOINT WARNING * * *
The gnoll hits you with a +0 flail.
* * * LOW HITPOINT WARNING * * *
The gnoll bouda hits you with a +0 club.
You die...
Ignis goes out, and joins you in death.

#...######.......[
#..gg##..S..!...
#.##....###.....
#..###.......S..
##.# ##.###..[..
#.## #g# .. #..#
#g# ##.###.#
#g##g@# ####.#Sg##
##.....g.##
##.........##
#...........#
#...........#
#.....<.....#
##.........##
##...#...##


You could see a gnoll bouda, 4 gnolls and an adder.

Vanquished Creatures
  A phantom (D:3)
  Ijyb (D:4)
  2 iguanas
  Robin (D:3)
  4 gnolls (D:3)
  3 adders
  3 ribbon worms
  4 dart slugs
  6 orcs
  7 bats
  9 endoplasms
  5 giant cockroaches
  23 goblins
  9 hobgoblins
  8 jackals
  A quokka (D:1)
  10 ball pythons
  6 frilled lizards
  5 kobolds
  8 rats
116 creatures vanquished.

Notes
Turn   | Place    | Note
-------+----------+-------------------------------------------
     0 | D:1      | ASSMAN the Draconian Cinder Acolyte began the quest for the
                  | Orb.
     0 | D:1      | Reached XP level 1. HP: 19/19 MP: 2/2
   180 | D:1      | Reached XP level 2. HP: 26/26 MP: 3/3
   224 | D:1      | Found a faded altar of an unknown god.
   540 | D:1      | Reached XP level 3. HP: 30/31 MP: 5/5
  1222 | D:2      | Reached XP level 4. HP: 40/40 MP: 6/6
  1734 | D:3      | Found a hazy altar of Hepliaklqana.
  1794 | D:3      | Noticed Robin
  1814 | D:3      | Reached XP level 5. HP: 29/46 MP: 8/8
  1834 | D:3      | Killed Robin
  2552 | D:4      | Noticed a phantom
  2580 | D:3      | Killed a phantom
  2616 | D:4      | Noticed Ijyb
  2624 | D:3      | Reached XP level 6. HP: 42/53 MP: 10/10
  2664 | D:4      | Killed Ijyb
  3012 | D:4      | Learned a level 2 spell: Scorch
  3494 | D:5      | Entered Level 5 of the Dungeon
  3725 | D:5      | HP: 2/55 [gnoll/+0 flail[a gnoll bouda] (3)]
  3725 | D:5      | Slain by a gnoll bouda

Illustrated notes

Levels and vault maps discovered:
D:1:      dpeg_arrival_subterranean_lakeside_camping, layout_basic,
          hellmonk_ecumenical_altar_pennies_from_heaven
D:2:      layout_rooms, serial_forest, infiniplex_forest_lined_corner,
          infiniplex_forest_clump_small, infiniplex_forest_clump_curved,
          infiniplex_forest_lined_corner, infiniplex_forest_pool,
          infiniplex_forest_zigzag_1, infiniplex_forest_lined_corner,
          infiniplex_forest_end_1, minmay_pentomino_t2
D:3:      layout_loops_ring, nicolae_hepliaklqana_hazy_memory, uniq_robin
D:4:      kennysheep_the_goblin_king, layout_basic
D:5:      layout_rooms, grunt_dithmenos_shadows, minmay_temple_entry_mist,
          serial_library_hellmonk_octagon

Skill      XL: |  1  2  3  4  5  6 |
---------------+-------------------+-----
Spellcasting   | 2 3 |  3.0
Fighting       | 4 |  4.8
Unarmed Combat | 4 |  4.4
Fire Magic     | 4 |  4.4

Action                     |  1- 3 |  4- 6 || total
---------------------------+-------+-------++-------
  Melee: Unarmed           |   141 |    19 ||   160
         Tailslap          |    11 |    16 ||    27
         Spear             |     8 |   178 ||   186
   Cast: Scorch            |       |     5 ||     5
 Invoke: Fiery Armour      |     1 |     3 ||     4
         Rising Flame      |       |     1 ||     1
    Use: Scroll            |       |     2 ||     2
 Armour: Skin              |    99 |   148 ||   247
  Dodge: Dodged            |    84 |    87 ||   171

Table legend: (Time is in decaauts)
 A = Elapsed time spent in this place.
 B = Non-inter-level travel time spent in this place.
 C = Inter-level travel time spent in this place.
 D = Time resting spent in this place.
 E = Time spent auto-exploring this place.
 F = Levels seen in this place.
 G = Mean time per level.
                   A        B        C        D        E       F      G
               +--------+--------+--------+--------+--------+-----+--------+
         Total |   3733 |   3602 |    131 |    173 |   2687 |   5 |  746.6 |
       Dungeon |   3733 |   3602 |    131 |    173 |   2687 |   5 |  746.6 |
               +--------+--------+--------+--------+--------+-----+--------+

Top non-repeatable levels by time:
     D:4: 1124 daAuts
     D:1: 894 daAuts
     D:3: 838 daAuts
     D:2: 810 daAuts
     D:5: 66 daAuts
